 Dungeon Crawl Stone Soup version 0.30-a0-1114-gd936c97349 (webtiles) character file.

Game seed: 5933518075815565892

341 LutherGrant the Shield-Bearer (level 6, -3/48 HPs)
             Began as a Formicid Fighter on Dec 2, 2022.
             Slain by a gnoll
             ... wielding a +0 spear
              (4 damage)
             ... on level 3 of the Dungeon on Apr 20, 2023.
             The game lasted 00:05:17 (2285 turns).

LutherGrant the Shield-Bearer (Formicid Fighter)    Turns: 2285, Time: 00:05:18

Health: -3/48      AC:  7    Str: 23    XL:     6   Next: 87%
Magic:  6/6        EV:  9    Int:  7    God:
Gold:   191        SH:  5    Dex: 13    Spells: 5/5 levels left

rFire   . . .      SeeInvis +    a - +0 quarterstaff
rCold   . . .      Faith    .    c - +0 buckler
rNeg    . . .      Spirit   .    b - +0 scale mail
rPois   .          Reflect  .    (helmet unavailable)
rElec   .          Rampage  .    o - scarf {+Inv}
rCorr   .                        (no gloves)
Will    .....                    (no boots) Stlth
                                 (no amulet)
HPRegen 0.28/turn                (no ring)
MPRegen 0.10/turn                (no ring)

@: no status effects
A: permanent stasis, dig shafts and tunnels, antennae 3, four strong arms
a: Dig, Shaft Self, Evoke Invisibility


You were on level 3 of the Dungeon.
You visited 1 branch of the dungeon, and saw 3 of its levels.

You collected 191 gold pieces.

Inventory:

Hand Weapons
 a - a +0 quarterstaff (weapon)
 n - a +1 whip of venom
Armour
 b - a +0 scale mail (worn)
 c - a +0 buckler (worn)
 o - a scarf of invisibility (worn)
Jewellery
 e - a +6 ring of strength
Scrolls
 d - a scroll of silence {unknown}
 f - 8 scrolls of identify {unknown}
 i - a scroll of immolation {unknown}
 j - a scroll of blinking {unknown}
 k - 3 scrolls of butterflies {unknown}
 m - a scroll of magic mapping {unknown}
Potions
 g - a potion of curing {unknown}
 h - 2 potions of haste {unknown}
 l - a potion of mutation {unknown}
 p - a potion of flight {unknown}
 q - a potion of ambrosia {unknown}


   Skills:
 + Level 4.2 Fighting
 * Level 3.1(3.7) Polearms
 + Level 3.1(3.7) Staves
 + Level 4.2 Armour
 * Level 6.1 Shields


You had 5 spell levels left.
You didn't know any spells.
Your spell library contained the following spells:

 Spells                   Type           Power      Damage    Failure   Level
 Freeze                   Ice            0%         1d3       80%         1
 Sublimation of Blood     Necr           0%         N/A       90%         2
 Wereblood                Tmut           0%         N/A       90%         2
 Frozen Ramparts          Ice            0%         1d1       99%         3
 Hailstorm                Conj/Ice       0%         3d3       99%         3
 Summon Hydra             Summ           0%         N/A       100%        7


Dungeon Overview and Level Annotations

Branches:
Dungeon (3/15)

Altars:


Innate Abilities, Weirdness & Mutations

You cannot be hasted, slowed, berserked, paralysed or teleported.
You can dig through walls and to a lower floor.
You have a pair of large antennae on your head. (SInv)
Your four strong arms can wield two-handed weapons with a shield.


Message History

You are too injured to fight recklessly!
You are too injured to fight recklessly!
You are too injured to fight recklessly!
You are too injured to fight recklessly!
You are too injured to fight recklessly!
You are too injured to fight recklessly!
You are too injured to fight recklessly!
You are too injured to fight recklessly!
The gnoll hits you from afar with a +0 spear.
The dart slug bites you.
You thump the dart slug!
The dart slug is severely wounded.
The gnoll hits you from afar with a +0 spear.
The dart slug briefly extends its eye-stalks.
You block the dart slug's attack.
You sock the dart slug!
You kill the dart slug!
You block the gnoll's attack.
The gnoll hits you from afar with a +0 spear.
* * * LOW HITPOINT WARNING * * *
The gnoll hits you but does no damage.
You hit the gnoll.
The gnoll is heavily wounded.
The gnoll closely misses you.
You barely miss the gnoll.
The gnoll is heavily wounded.
The gnoll hits you with a +0 spear.
* * * LOW HITPOINT WARNING * * *
You closely miss the gnoll.
The gnoll is heavily wounded.
The gnoll hits you with a +0 spear.
* * * LOW HITPOINT WARNING * * *
You closely miss the gnoll.
The gnoll is heavily wounded.
The gnoll hits you with a +0 spear!
* * * LOW HITPOINT WARNING * * *
You closely miss the gnoll.
The gnoll is moderately wounded.
The gnoll hits you with a +0 spear.
You die...

....).# ##...## ......#
..... ......####### .....
............# ...
#...#######.# ... ##.##
#.# #.# ##.########.###
#)#
........).....####.###...
###.............@g.)....#
#######################


You could see a gnoll.

Vanquished Creatures
  Grinder (D:3)
  2 adders (D:2)
  3 gnolls (D:3)
  3 worms
  4 dart slugs
  7 orcs (D:3)
  4 endoplasms
  2 giant cockroaches (D:1)
  3 goblins
  6 hobgoblins
  8 jackals (D:2)
  5 kobolds
  4 quokkas
  7 ball pythons
  A bat (D:2)
  5 frilled lizards
  8 rats
73 creatures vanquished.

Notes
Turn   | Place    | Note
-------+----------+-------------------------------------------
     0 | D:1      | LutherGrant the Formicid Fighter began the quest for the
                  | Orb.
     0 | D:1      | Reached XP level 1. HP: 18/18 MP: 1/1
   186 | D:1      | Reached XP level 2. HP: 23/24 MP: 2/2
   348 | D:1      | Reached skill level 1 in Polearms
   797 | D:1      | Reached XP level 3. HP: 29/29 MP: 3/3
  1265 | D:2      | Reached XP level 4. HP: 35/35 MP: 4/4
  1620 | D:2      | Upgraded the game from 0.30-a0-385-gfebfb9b408 to
                  | 0.30-a0-1114-gd936c97349
  1964 | D:3      | Noticed Grinder
  1975 | D:3      | Killed Grinder
  1976 | D:3      | Reached skill level 5 in Shields
  1976 | D:3      | Reached XP level 5. HP: 7/42 MP: 5/5
  1976 | D:3      | Reached XP level 6. HP: 8/48 MP: 6/6
  2267 | D:3      | Reached skill level 6 in Shields
  2284 | D:3      | HP: 1/48 [gnoll/+0 spear (8)]
  2285 | D:3      | Slain by a gnoll

Illustrated notes

Levels and vault maps discovered:
D:1:      saegor_arrival_simple_a, layout_basic
D:2:      layout_loops_cross, chequers_serial_rivers_marsh, moated_statue,
          minmay_mini_jars
D:3:      layout_loops_ring, cheibrodos_gnoll_hut, uniq_natasha, uniq_grinder

Skill      XL: |  1  2  3  4  5  6 |
---------------+-------------------+-----
Polearms       | 1 3 |  3.1
Fighting       | 4 |  4.2
Staves         | 3 |  3.1
Armour         | 4 |  4.2
Shields        | 5 6 |  6.1

Action                     |  1- 3 |  4- 6 || total
---------------------------+-------+-------++-------
  Melee: Quarterstaff      |    97 |   130 ||   227
    Use: Potion            |       |     2 ||     2
 Armour: Scale mail        |    39 |    55 ||    94
  Dodge: Dodged            |    43 |    65 ||   108
  Block: Buckler           |    28 |    37 ||    65

Table legend: (Time is in decaauts)
 A = Elapsed time spent in this place.
 B = Non-inter-level travel time spent in this place.
 C = Inter-level travel time spent in this place.
 D = Time resting spent in this place.
 E = Time spent auto-exploring this place.
 F = Levels seen in this place.
 G = Mean time per level.
                   A        B        C        D        E       F      G
               +--------+--------+--------+--------+--------+-----+--------+
         Total |   2331 |   2291 |     40 |     78 |   1647 |   3 |  777.0 |
       Dungeon |   2331 |   2291 |     40 |     78 |   1647 |   3 |  777.0 |
               +--------+--------+--------+--------+--------+-----+--------+

Top non-repeatable levels by time:
     D:1: 966 daAuts
     D:2: 964 daAuts
     D:3: 400 daAuts
